 Dungeon Crawl Stone Soup version 0.29-a0-474-gdfe5cd140f (webtiles) character file.

Game seed: 602303020561883979

247 spaghetti the Skirmisher (level 6, 0/39 HPs)
             Began as a Gargoyle Fighter on May 23, 2022.
             Was a Believer of Kikubaaqudgha.
             Slain by an ogre
             ... wielding a +0 giant spiked club
              (10 damage)
             ... on level 5 of the Dungeon.
             The game lasted 00:11:30 (4086 turns).

spaghetti the Skirmisher (Gargoyle Fighter)         Turns: 4086, Time: 00:11:31

Health: 0/39       AC: 14    Str: 22      XL:     6   Next: 11%
Magic:  6/6        EV: 11    Int: 12      God:    Kikubaaqudgha [**....]
Gold:   199        SH:  4    Dex:  8 (9)  Spells: 4/5 levels left

rFire   . . .      SeeInvis .     - Unarmed
rCold   . . .      Faith    +   k - +0 buckler
rNeg    + . .      Spirit   .   o - +3 leather armour
rPois   ∞          Reflect  .   H - +1 hat
rElec   +          Harm     .   (no cloak)
rCorr   .          Rampage  .   w - +0 pair of gloves
Will    .....                   j - +0 pair of boots
Stlth   +.........              B - amulet of faith {!P}
HPRegen 0.13/turn               (no ring)
MPRegen 0.10/turn               (no ring)

@: attractive, flying, hasted, very quick
A: sickness immunity, AC +4, negative energy resistance 1, electricity
resistance, torment resistance 1, petrification resistance, clever 2,
deterioration 1
a: Renounce Religion, Unearth Wretches


You were on level 5 of the Dungeon.
You worshipped Kikubaaqudgha.
Kikubaaqudgha was pleased with you.
You visited 1 branch of the dungeon, and saw 5 of its levels.

You collected 199 gold pieces.


Innate Abilities, Weirdness & Mutations

You are immune to sickness and miasma.
Your stone body is resilient. (AC +4)
You are immune to poison.
You resist negative energy. (rN+)
You are resistant to electric shocks. (rElec)
You are resistant to unholy torment.
You are immune to petrification.
Your mind is very acute. (Int +4)
Your body sometimes deteriorates upon taking damage.


   Skills:
 + Level 4.5 Fighting
 + Level 1.6 Slings
 + Level 4.3 Armour
 + Level 1.2 Dodging
 - Level 3.2 Shields
 + Level 3.2 Unarmed Combat
 + Level 1.4 Necromancy


You had 4 spell levels left.
You knew the following spells:

 Your Spells              Type           Power      Damage    Failure   Level
a - Necrotize             Necr           12%        1d4       28%         1

Your spell library contained the following spells:

 Spells                   Type           Power      Damage    Failure   Level
 Apportation              Tloc           0%         N/A       45%         1
 Summon Small Mammal      Summ           0%         N/A       45%         1
 Vampiric Draining        Necr           3%         2d6       63%         3
 Animate Dead             Necr           3%         N/A       95%         4
 Anguish                  Hex/Necr       0%         N/A       98%         4

Inventory:

Hand Weapons
 b - a +1 fustibalus of freezing {sling}
   (You found it on level 1 of the Dungeon)
 f - a +0 flail {mace}
   (You found it on level 3 of the Dungeon)
 g - a +0 short sword {short}
   (You took it off a kobold on level 3 of the Dungeon)
Missiles
 c - a throwing net {=f!fthrowing}
 d - 99 stones (quivered) {throwing}
 i - 3 boomerangs {throwing}
Armour
 e - a +0 kite shield
   (You found it on level 3 of the Dungeon)
 j - a +0 pair of boots (worn)
   (You found it on level 1 of the Dungeon)
 k - a +0 buckler (worn)
 o - a +3 leather armour (worn)
   (You found it on level 1 of the Dungeon)
 w - a +0 pair of gloves (worn)
   (You found it on level 2 of the Dungeon)
 H - a +1 hat (worn)
   (You found it on level 3 of the Dungeon)
Jewellery
 B - an amulet of faith (around neck) {!P}
   (You found it on level 2 of the Dungeon)
Scrolls
 h - 2 scrolls of vulnerability {!r!r}
 l - a scroll of identify {@r1}
 m - 3 scrolls of magic mapping {!r}
 n - a scroll of summoning {unknown}
 t - a scroll of blinking {unknown}
 C - a scroll of immolation {unknown}
 K - a scroll of teleportation {unknown}
Potions
 q - 2 potions of curing {@q1}
 s - 2 potions of cancellation {unknown}
 u - 2 potions of lignification {unknown}
 E - a potion of brilliance {unknown}
 I - a potion of heal wounds {unknown}

Dungeon Overview and Level Annotations

Branches:
Dungeon (5/15)
 Temple: D:4-7

Altars:
Elyvilon
Hepliaklqana
Kikubaaqudgha
Okawaru
Sif Muna
Uskayaw
The Shining One

##### #
#$..###.(#
#....((...
#<@O.....(
#....##..:
######


You could see an ogre.


Message History

😨 HP[-4]
You take 4 damage, and now have 19/39 hp.
You closely miss the gnoll. The gnoll hits you but does no damage.
The gnoll barely misses you.
You punch the gnoll!
You kill the gnoll!
Kikubaaqudgha accepts your kill. The gnoll hits you but does no damage.
The gnoll closely misses you.
You see here a +0 vampiric whip {mace}. 😮 HP[+1]
You punch the gnoll! The gnoll closely misses you.
You closely miss the gnoll. The gnoll hits you with a +0 halberd.
* * * LOW HITPOINT WARNING * * *
😨 HP[-1]
You take 1 damage, and now have 19/39 hp.
Unknown command.
You hit the gnoll. The gnoll hits you with a +0 halberd.
* * * LOW HITPOINT WARNING * * *
😨 HP[-4]
You take 4 damage, and now have 15/39 hp.
You punch the gnoll!
You kill the gnoll!
Kikubaaqudgha accepts your kill.
Found a stone staircase leading up.
You see here a +0 halberd {polearm}.
You feel a little less mighty now.
Key pressed, stopping explore.
Key pressed, stopping explore.
Key pressed, stopping explore.
Key pressed, stopping explore.
Key pressed, stopping explore.
d - 100 stones {throwing} (gained 1)
You see here a +0 vampiric whip {mace}.
Things that are here:
a +0 flail {mace}; a gnoll corpse; 😎 HP[+24]
Your hp is fully restored (39).
c - a throwing net {=f!fthrowing}
Things that are here:
a +0 flail {mace}; a gnoll corpse
d - 102 stones {throwing} (gained 2)
d - 103 stones {throwing} (gained 1) Key pressed, stopping explore.
Key pressed, stopping explore.
Key pressed, stopping explore.
Done exploring.
Done exploring.
(D) Dungeon
Where to? (Enter - D:4, ? - help)
Things that are here:
a +0 short sword {short}; a +0 chain mail
There is a stone staircase leading down here.
You climb downwards.
Found a book of Conjurations and 9 gold pieces.
Found a stone staircase leading up.
There is a stone staircase leading up here.
An ogre is nearby!
An ogre is nearby!
An ogre is nearby!
An ogre is nearby!
An ogre is nearby!
An ogre is nearby!
An ogre is nearby!
Unknown command.
An ogre is nearby!
You throw a stone {throwing}.
The stone {throwing} closely misses the ogre.
You throw a stone {throwing}.
The stone {throwing} hits the ogre but does no damage.
You throw a stone {throwing}.
The stone {throwing} barely misses the ogre.
You throw a stone {throwing}.
The stone {throwing} completely misses the ogre.
You hit the ogre.
The ogre hits you with a +0 giant spiked club!
You are too injured to fight recklessly! 😮 HP[-17]
You take 17 damage, and now have 22/39 hp.
MASSIVE DAMAGE!! (PAUSE)
You completely miss the ogre.
Unknown command.
You completely miss the ogre.
The ogre hits you with a +0 giant spiked club!
* * * LOW HITPOINT WARNING * * *
😨 HP[-12]
You take 12 damage, and now have 10/39 hp.
MASSIVE DAMAGE!! (PAUSE) Unknown command.
Okay, then.
You aren't carrying any items that you can evoke.
It was a potion of attraction.
You feel attractive to monsters. You block the ogre's attack.
It was a potion of flight.
You feel very buoyant.
You fly up into the air.
It was a potion of haste.
You feel yourself speed up.
The ogre hits you with a +0 giant spiked club!
You die...
Kikubaaqudgha rasps: "You have failed me!
Welcome... oblivion!"

Skill      XL: |  1  2  3  4  5 |
---------------+----------------+-----
Fighting       | 4 |  4.5
Slings         | 1 |  1.6
Armour         | 4 |  4.3
Unarmed Combat | 3 |  3.2
Necromancy     | 1 |  1.4
Dodging        | 1 |  1.2
Shields        | |  3.2

Action                   |  1- 3 |  4- 6 || total
-------------------------+-------+-------++-------
Melee: Unarmed           |   170 |   162 ||   332
 Fire: Fustibalus        |       |    35 ||    35
Throw: Stone             |    64 |    38 ||   102
  Use: Potion            |     2 |     4 ||     6
       Scroll            |       |     5 ||     5
Armor: Scale mail        |    20 |       ||    20
       Leather armour    |    44 |    76 ||   120
Dodge: Dodged            |    62 |    81 ||   143
Block: Buckler           |    27 |    24 ||    51

Levels and vault maps discovered:
D:1:      mrwooster_arrival_statue_2, layout_rooms
D:2:      layout_loops_ring, hellmonk_ecumenical_altar_arch_garden
D:3:      layout_loops_ring, nicolae_overflow_hallway_of_the_gods, fountainhead,
          kennysheep_another_room, serial_park_tiny_1
D:4:      minmay_general_purpose_star, layout_cave_pools,
          eat_drink_and_be_merry_uskayaw, serial_bayou_pond_e
D:5:      layout_gridville, nicolae_overflow_quartered_altars,
          minmay_statues_item

Notes
Turn   | Place    | Note
-------+----------+-------------------------------------------
     0 | D:1      | spaghetti the Gargoyle Fighter began the quest for the Orb.
     0 | D:1      | Reached XP level 1. HP: 14/14 MP: 1/1
     0 | D:1      | magus.rc [v1.9.6]
   149 | D:1      | Reached XP level 2. HP: 16/19 MP: 2/2
  1022 | D:2      | Reached XP level 3. HP: 17/24 MP: 3/3
  1416 | D:2      | Found a faded altar of an unknown god.
  1596 | D:2      | Prayed at the altar of an unknown god.
  1596 | D:2      | Became a worshipper of Kikubaaqudgha
  1596 | D:2      | Reached * piety under Kikubaaqudgha
  1596 | D:2      | You add the spells Necrotize, Vampiric Draining, Anguish
                  | and Animate Dead to your library.
  1596 | D:2      | Received a gift from Kikubaaqudgha
  1903 | D:3      | Found an iron altar of Okawaru.
  1909 | D:3      | Found a hazy altar of Hepliaklqana.
  1911 | D:3      | Found a glowing golden altar of the Shining One.
  1917 | D:3      | Found a white marble altar of Elyvilon.
  1925 | D:3      | Found a shimmering blue altar of Sif Muna.
  1945 | D:3      | Gained mutation: Your mind is acute. (Int +2) [potion of
                  | mutation]
  1945 | D:3      | Gained mutation: Your body sometimes deteriorates upon
                  | taking damage. [potion of mutation]
  1945 | D:3      | Gained mutation: Your mind is very acute. (Int +4) [potion
                  | of mutation]
  1977 | D:3      | Learned a level 1 spell: Necrotize
  2130 | D:3      | Reached XP level 4. HP: 28/29 MP: 4/4
  2191 | D:3      | Reached skill level 4 in Fighting
  2191 | D:3      | Reached skill level 1 in Slings
  2349 | D:3      | You pick up a book of Cantrips and begin reading...
  2349 | D:3      | You add the spells Summon Small Mammal and Apportation to
                  | your library.
  2644 | D:3      | Reached ** piety under Kikubaaqudgha
  2714 | D:3      | Reached skill level 4 in Armour
  2998 | D:4      | Reached skill level 3 in Unarmed Combat
  2998 | D:4      | Reached skill level 1 in Necromancy
  2998 | D:4      | Reached XP level 5. HP: 26/33 MP: 5/5
  3292 | D:4      | Found a hide-covered altar of Uskayaw.
  3348 | D:4      | Reached skill level 1 in Dodging
  3753 | D:4      | Reached XP level 6. HP: 23/39 MP: 6/6
  4076 | D:5      | Entered Level 5 of the Dungeon
  4086 | D:5      | Slain by an ogre

Vanquished Creatures
  An orc priest (D:4)
  An iguana (D:4)
  An orc wizard (D:4)
  4 gnolls (D:4)
  5 adders
  2 worms
  3 dart slugs
  9 orcs
  5 endoplasms
  4 giant cockroaches
  2 goblins
  4 hobgoblins
  3 quokkas
  6 ball pythons
  3 bats
  3 frilled lizards
  4 kobolds
  7 rats
67 creatures vanquished.

Vanquished Creatures (others)
  2 plants (D:4)
2 creatures vanquished.

Grand Total: 69 creatures vanquished

Table legend:
 A = Non-vault XP
 B = Vault XP
 C = Vault XP percentage of total XP
 D = Non-vault monster count
 E = Vault monster count
 F = Vault count percentage of total count
                 A         B        C        D         E       F
            +---------+---------+-------+---------+---------+-------
      Total |     317 |      36 |  10.2 |      66 |       1 |   1.5
            +---------+---------+-------+---------+---------+-------
        D:1 |      22 |       0 |   0.0 |      12 |       0 |   0.0
        D:2 |      42 |       0 |   0.0 |      15 |       0 |   0.0
        D:3 |      91 |       0 |   0.0 |      23 |       0 |   0.0
        D:4 |     162 |      36 |  18.2 |      16 |       1 |   5.9
            +---------+---------+-------+---------+---------+-------

Illustrated notes

Table legend:
 A = Kills in this place as a percentage of kills in entire the game.
 B = Kills by you in this place as a percentage of kills by you in the entire game.
 C = Kills by friends in this place as a percentage of kills by friends in the entire game.
 D = Other kills in this place as a percentage of other kills in the entire game.
 E = Experience gained in this place as a percentage of experience gained in the entire game.
 F = Experience gained in this place divided by the number of levels of this place that you have seen.
                   A       B       C       D       E      F
               +-------+-------+-------+-------+-------+----------------------
         Total | 100.0 | 100.0 |   N/A |   N/A | 100.0 |  70.6
       Dungeon | 100.0 | 100.0 |   N/A |   N/A | 100.0 |  70.6
               +-------+-------+-------+-------+-------+----------------------

Table legend: (Time is in decaauts)
 A = Elapsed time spent in this place.
 B = Non-inter-level travel time spent in this place.
 C = Inter-level travel time spent in this place.
 D = Time resting spent in this place.
 E = Time spent auto-exploring this place.
 F = Levels seen in this place.
 G = Mean time per level.
                   A        B        C        D        E       F      G
               +--------+--------+--------+--------+--------+-----+--------+
         Total |   4111 |   3864 |    247 |      0 |   3125 |   5 |  822.2 |
       Dungeon |   4111 |   3864 |    247 |      0 |   3125 |   5 |  822.2 |
               +--------+--------+--------+--------+--------+-----+--------+

Top non-repeatable levels by time:
     D:3: 1181 daAuts
     D:2: 1169 daAuts
     D:4: 1114 daAuts
     D:1: 636 daAuts
     D:5: 9 daAuts
